 Dungeon Crawl Stone Soup version 0.19-a0-998-gfd37873 (webtiles) character file.

61547 Implojin the Grappler (level 14, 0/223 HPs)
             Began as a Troll Fighter on July 17, 2016.
             Was a High Priest of Okawaru.
             Succumbed to Aizul's bolt of poison
             ... on level 1 of the Swamp.
             The game lasted 00:47:36 (5153 turns).

Implojin the Grappler (Troll Fighter)               Turns: 5153, Time: 00:47:36

Health: 0/223      AC: 27    Str: 27    XL:     14   Next: 12%
Magic:  11/17      EV:  1    Int:  4    God:    Okawaru [*****.]
Gold:   356        SH: 13    Dex: 13    Spells: 1 memorised, 12 levels left

rFire  . . .     SeeInvis .       - Unarmed
rCold  . . .     Gourm    +     (armour currently unavailable)
rNeg   + + +     Faith    .     b - +1 shield
rPois  +         Spirit   .     (helmet currently unavailable)
rElec  .         Dismiss  .     (cloak currently unavailable)
rCorr  +         Reflect  .     (gloves unavailable)
SustAt .         Harm     .     (boots unavailable)
MR     +....     NoTele   +     U - amulet of rage
Stlth  ++++......               L - ring of resist corrosion
                                n - ring of poison resistance

@: lethally poisoned (0 -> -19), tree-form, heroism, finesse, somewhat resistant
to hostile enchantments, stealthy
A: unfitting armour, (claws 0), fast metabolism 3, gourmand, regeneration 2,
(shaggy fur 0), (tough skin 0)
a: Heroism, Finesse, Renounce Religion, Evoke Berserk Rage
}: 1/15 runes: decaying


You were on level 1 of the Swamp.
You worshipped Okawaru.
Okawaru was extremely pleased with you.
You were not hungry.
You were a tree.
You visited 4 branches of the dungeon, and saw 24 of its levels.
You also visited: Bailey.

You collected 569 gold pieces.
You spent 213 gold pieces at shops.

Inventory:

Hand Weapons
 f - a +1 demon blade of flaming
 k - a +1 blowgun
 w - a +2 long sword of flaming
 E - the +1 long sword "Eryrch" {flame, Str+5}
   (You found it in a bailey)

   It has been specially enchanted to burn those struck by it, causing extra
   injury to most foes and up to half again as much damage against particularly
   susceptible opponents.
   Big, fiery blades are also staple armaments of hydra-hunters.
   It affects your strength (+5).
Missiles
 t - 8 tomahawks
 D - 3 javelins
 K - 7 needles of frenzy
 T - a large rock (quivered)
 Z - 10 curare-tipped needles
Armour
 b - a +1 shield (worn)
 e - a +0 mottled dragon armour (melded)
 l - a +2 robe of cold resistance
 v - a +0 cloak (melded)
 A - a +1 robe of the Archmagi
 F - a swamp dragon hide
 P - a +2 hat of see invisible (melded)
Jewellery
 a - a +3 ring of intelligence {unknown}
 n - a ring of poison resistance (left branch)
 H - an uncursed ring of magical power
 L - a ring of resist corrosion (right branch)
 U - an amulet of rage (around neck)
Wands
 m - a wand of lightning (12/15)
 o - a wand of polymorph (19/24)
 r - a wand of lightning (7/15)
 y - a wand of acid (5/15)
 B - a wand of teleportation (3/9)
 G - a wand of paralysis (16/24)
 Q - a wand of disintegration (13/24)
 X - a wand of iceblast (11/15)
Scrolls
 c - a scroll of recharging
 h - a scroll of enchant armour
 i - a scroll of fog {unknown}
 j - 2 scrolls of blinking {unknown}
 s - 3 scrolls of teleportation
 x - 2 scrolls of fear
 S - 3 scrolls of remove curse
 V - a scroll of magic mapping
Potions
 g - a potion of flight
 p - a potion of cancellation
 O - a potion of brilliance
 Y - a potion of resistance
Books
 N - a book of Battle

   Spells                             Type                      Level
   a - Infusion                       Charms                       1
   b - Shroud of Golubria             Charms/Translocation         2
   c - Song of Slaying                Charms                       2
   d - Spectral Weapon                Hexes/Charms                 3
   e - Regeneration                   Charms/Necromancy            3
Miscellaneous
 C - a phial of floods
Comestibles
 d - 12 bread rations
 q - 4 meat rations
 u - 10 royal jellies
 z - 4 fruits
 W - 3 slices of pizza


   Skills:
 - Level 12.1(17.1) Fighting
 - Level 3.3(8.3) Long Blades
 * Level 11.9(16.9) Dodging
 - Level 4.1(9.1) Shields
 - Level 12.1(17.1) Unarmed Combat
 - Level 6.3 Invocations


You had 12 spell levels left.
You knew the following spells:

 Your Spells              Type           Power        Failure   Level  Hunger
a - Infusion              Chrm           #...         61%         1    ##.....


Dungeon Overview and Level Annotations

Branches:
Dungeon (15/15)            Temple (1/1) D:6            Lair (4/6) D:11
  Swamp (4/4) Lair:3       Depths (0/5) D:15
  Snake: Lair:2-4    Spider: Lair:2-4       Orc: D:9-12      Vaults: D:13-14

Altars:
Ashenzari
Cheibriados
Dithmenos
Elyvilon
Gozag
Hepliaklqana
Nemelex Xobeh
Okawaru
Pakellas
Qazlal
Trog
Uskayaw
Vehumet
Xom
The Shining One
Lugonu

Shops:
D:12 ?   D:15 (

Annotations:
D:12 exclusion: downstairs
Swamp:1 !josephine + sproigan riders by swamp:1 stairs, care, Aizul, Josephine


Innate Abilities, Weirdness & Mutations

You are too large for most types of armour.
((You have claws for hands.))
Your metabolism is lightning-fast.
You like to eat raw meat.
You heal very quickly.
((You are covered in fur. (AC +1)))
((You have very tough skin. (AC +2)))


Message History

Aizul hits you.
* * * LOW HITPOINT WARNING * * *
Unknown command.
Unknown command.
You pummel Aizul!!
Aizul is severely wounded.
You feel sick.
Aizul coils herself and waves her upper body at you.
Helpless, you fail to dodge the bolt of poison.
You are lethally poisoned!
You resist.
* * * LOW HITPOINT WARNING * * *
Okay, then.
You hit Aizul but do no damage.
Aizul is severely wounded.
* * * LOW HITPOINT WARNING * * *
You feel sick.
Unknown command.
Enter note: Put on which piece of jewellery? (? for menu, Esc to quit)
Okay, then.
Unknown command.
Unknown command.
Enter note: :welp
Enter note: THE RING DOES NOTHING You hit Aizul but do no damage.
Aizul is severely wounded.
* * * LOW HITPOINT WARNING * * *
You feel sick.
Aizul screams, "I'll haunt your nightmares!"
Aizul hits you but does no damage.
Unknown command.
You pummel Aizul!!
Aizul is almost dead.
* * * LOW HITPOINT WARNING * * *
You feel sick.
Unknown command.
You barely miss Aizul.
Aizul is almost dead.
You die...

.... ≈≈. ♣
... ♣ ♣♣≈. .
♣ ♣♣≈(♣ W.♣
♣♣♣♣...♣ ...
♣♣...≈≈S♣
..@
♣≈..≈≈.♣♣♣ ♣
≈♣♣♣..≈.≈♣ ♣
♣≈.≈♣≈≈♣♣ ♣
♣≈......♣♣ ♣
♣.≈§.≈.≈≈♣
≈.≈....≈≈..♣
♣
≈≈♣♣♣♣.≈≈.♣♣
♣ .. ♣≈..≈♣
.≈ ♣.>♣♣♣
♣..


You could see Aizul.

Vanquished Creatures
  Roxanne (D:15)
  Donald (Swamp:3)
  2 centaur warriors
  12 hydras
  A ghost crab (Swamp:4)
  4 death yaks (Lair:3)
  2 alligators (Swamp:4)
  An orc high priest (Bailey)
  2 skeletal warriors (D:15)
  An unseen horror (D:15)
  A spriggan druid (Swamp:4)
  8 swamp dragons (Swamp:4)
  2 shambling mangroves
  2 orc knights
  A necromancer (D:15)
  A hill giant (D:12)
  A phantasmal warrior (D:15)
  A deep elf mage (D:14)
  2 hornets (Swamp:3)
  A manticore (D:12)
  A griffon (Lair:2)
  A salamander (shapeshifter) (D:14)
  A black mamba (Lair:2)
  Maurice (D:11)
  9 spiny frogs
  A kobold demonologist (Bailey)
  2 centaur skeletons
  A freezing wraith (D:15)
  A yaktaur skeleton (D:15)
  3 giant leeches
  A polar bear (Lair:4)
  3 bog bodies (Swamp:4)
  14 slime creatures
  A fire dragon zombie (D:15)
  A shadow (Swamp:2)
  3 yaks (D:10)
  2 spriggans
  A basilisk (D:11)
  2 hippogriffs
  A hungry ghost (D:12)
  6 vampire mosquitoes
  A tengu zombie (D:15)
  Menkaure (D:7)
  A mottled dragon (D:15)
  7 swamp worms
  5 insubstantial wisps (Swamp:4)
  A warg (D:15)
  A water moccasin (Lair:3)
  3 porcupines
  10 swamp drakes
  2 ice beasts
  7 orc warriors
  A phantom (D:7)
  4 wasps
  2 black bears
  An eye of draining (D:12)
  3 wolves
  13 centaurs
  6 ogres
  A crocodile (Lair:2)
  Blork the orc (D:5)
  A big kobold (D:7)
  5 giant frogs
  2 scorpions
  11 killer bees
  A howler monkey (D:5)
  4 giant frog zombies
  3 hounds
  2 orc priests
  4 jellies (D:8)
  An orc wizard (D:11)
  4 giant frog skeletons
  6 worker ants
  2 iguanas
  A howler monkey zombie (D:5)
  6 gnolls
  2 adders
  15 river rats (Lair:3)
  A shadow imp (D:10)
  6 oozes
  An adder zombie (D:5)
  A dart slug (D:2)
  A giant gecko (D:7)
  29 orcs
  A bat (D:2)
  A giant cockroach (D:2)
  9 goblins
  7 hobgoblins
  4 jackals
  A quokka (D:11)
  2 ball pythons
  A giant gecko skeleton (D:4)
  2 giant newts
  5 kobolds
  A fungus (D:8)
317 creatures vanquished.

Notes
Turn   | Place    | Note
-------+----------+-------------------------------------------
     0 | D:1      | Implojin the Troll Fighter began the quest for the Orb.
     0 | D:1      | Reached XP level 1. HP: 22/22 MP: 0/0
    66 | D:2      | Found a hide-covered altar of Uskayaw.
    84 | D:2      | Found a shimmering altar of Xom.
    85 | D:2      | Found a hazy altar of Hepliaklqana.
    85 | D:2      | Noticed a hungry ghost
    88 | D:2      | Noticed a spectral ugly thing
    88 | D:2      | Noticed a hungry ghost
   122 | D:2      | Reached skill level 3 in Unarmed Combat
   122 | D:2      | Reached XP level 2. HP: 24/29 MP: 1/1
   131 | D:2      | Reached XP level 3. HP: 20/36 MP: 2/2
   237 | D:4      | Noticed an ogre
   241 | D:4      | Reached skill level 4 in Unarmed Combat
   256 | D:4      | Killed an ogre
   256 | D:4      | Reached skill level 5 in Unarmed Combat
   256 | D:4      | Reached XP level 4. HP: 21/44 MP: 3/3
   295 | D:5      | Entered Level 5 of the Dungeon
   329 | D:4      | Reached XP level 5. HP: 41/50 MP: 4/4
   373 | D:4      | Found an opulent altar of Gozag.
   375 | D:4      | Found a bloodstained altar of Trog.
   429 | D:4      | Noticed a phantom
   527 | D:6      | Reached skill level 6 in Unarmed Combat
   558 | D:5      | Reached XP level 6. HP: 50/59 MP: 5/5
   587 | D:5      | Reached skill level 7 in Unarmed Combat
   597 | D:5      | Noticed Blork the orc
   606 | D:5      | Killed Blork the orc
   641 | D:4      | HP: 1/59 [ogre/giant spiked club (30)]
   645 | D:4      | Reached XP level 7. HP: 3/66 MP: 6/6
   676 | D:3      | Found a glowing golden altar of the Shining One.
   814 | D:6      | Found a staircase to the Ecumenical Temple.
   815 | D:6      | Found a sparkling altar of Nemelex Xobeh.
   818 | Temple   | Entered the Ecumenical Temple
   831 | Temple   | Became a worshipper of Warmaster Okawaru
   938 | D:7      | Found a stormy altar of Qazlal.
   958 | D:7      | Reached skill level 8 in Unarmed Combat
   973 | D:7      | Noticed Menkaure
   983 | D:7      | Killed Menkaure
   988 | D:7      | Reached skill level 9 in Unarmed Combat
  1017 | D:8      | Reached * piety under Okawaru
  1035 | D:8      | Reached XP level 8. HP: 55/74 MP: 7/7
  1074 | D:8      | Reached skill level 10 in Unarmed Combat
  1113 | D:8      | Found a snail-covered altar of Cheibriados.
  1246 | D:9      | Reached ** piety under Okawaru
  1246 | D:9      | Reached skill level 11 in Unarmed Combat
  1397 | D:9      | Reached XP level 9. HP: 77/80 MP: 5/8
  1440 | D:10     | Entered Level 10 of the Dungeon
  1451 | D:10     | Reached skill level 12 in Unarmed Combat
  1457 | D:10     | Reached skill level 3 in Fighting
  1557 | D:10     | Reached skill level 4 in Fighting
  1654 | D:11     | Noticed Maurice
  1669 | D:11     | Killed Maurice
  1669 | D:11     | Reached *** piety under Okawaru
  1669 | D:11     | Reached skill level 5 in Fighting
  1709 | D:12     | Reached skill level 6 in Fighting
  1713 | D:12     | Noticed a manticore
  1722 | D:12     | Killed a manticore
  1734 | D:12     | Reached XP level 10. HP: 17/100 MP: 0/9
  1757 | D:12     | Found a flagged portal.
  1790 | D:12     | Noticed a centaur warrior
  1804 | D:12     | Killed a centaur warrior
  1804 | D:12     | Reached skill level 7 in Fighting
  1812 | Bailey   | Entered a bailey
  1860 | Bailey   | Found an iron altar of Okawaru.
  1860 | Bailey   | Noticed an orc high priest
  1887 | Bailey   | Killed an orc high priest
  1887 | Bailey   | Reached skill level 8 in Fighting
  1904 | Bailey   | Reached **** piety under Okawaru
  1904 | Bailey   | Reached skill level 2 in Invocations
  1977 | Bailey   | Reached skill level 3 in Invocations
  2001 | Bailey   | Noticed an orc knight
  2041 | Bailey   | Killed an orc knight
  2092 | Bailey   | Got a bloodstained long sword
  2170 | D:11     | Reached skill level 9 in Fighting
  2380 | D:11     | Found a staircase to the Lair.
  2461 | D:12     | Received a gift from Okawaru
  2585 | D:14     | Noticed a salamander
  2595 | D:14     | Killed a salamander
  2595 | D:14     | Reached XP level 11. HP: 117/117 MP: 12/12
  2665 | D:14     | Reached skill level 10 in Fighting
  2667 | D:14     | Noticed a deep elf mage
  2689 | D:14     | Killed a deep elf mage
  2785 | D:15     | Entered Level 15 of the Dungeon
  2785 | D:15     | Noticed a centaur warrior
  2797 | D:15     | Killed a centaur warrior
  2797 | D:15     | Reached ***** piety under Okawaru
  2838 | D:14     | Identified a scroll of acquirement
  2930 | D:15     | Noticed an unseen horror
  2935 | D:15     | Killed an unseen horror
  2935 | D:15     | Reached skill level 11 in Fighting
  2952 | D:15     | Found Unej's Weapon Shoppe.
  3028 | D:15     | Noticed Roxanne
  3069 | D:15     | Noticed an orc knight
  3077 | D:15     | Killed Roxanne
  3092 | D:15     | Killed an orc knight
  3126 | D:15     | Identified Roxanne's Grimoire of Stones (You took it off Roxanne on level 15 of the Dungeon)
  3158 | D:15     | Noticed a skeletal warrior
  3159 | D:15     | Found a staircase to the Depths.
  3161 | D:15     | Noticed a skeletal warrior
  3177 | D:15     | Killed a skeletal warrior
  3177 | D:15     | Received a gift from Okawaru
  3177 | D:15     | Reached skill level 12 in Fighting
  3186 | D:15     | Killed a skeletal warrior
  3192 | D:15     | Reached skill level 4 in Invocations
  3211 | D:15     | Noticed a phantasmal warrior
  3220 | D:15     | Killed a phantasmal warrior
  3221 | D:15     | Noticed a necromancer
  3239 | D:15     | Killed a necromancer
  3239 | D:15     | Reached skill level 5 in Invocations
  3239 | D:15     | Reached XP level 12. HP: 19/132 MP: 14/14
  3330 | D:12     | Received a gift from Okawaru
  3331 | D:12     | Got an ancient robe {god gift}
  3350 | D:12     | Found Enulic's Magic Scroll Boutique.
  3358 | D:12     | Bought a scroll of teleportation for 39 gold pieces
  3358 | D:12     | Bought a scroll of fear for 45 gold pieces
  3358 | D:12     | Bought a scroll of remove curse for 39 gold pieces
  3358 | D:12     | Bought a scroll of magic mapping for 45 gold pieces
  3358 | D:12     | Bought a scroll of amnesia for 45 gold pieces
  3438 | Lair:1   | Entered Level 1 of the Lair of Beasts
  3502 | Lair:2   | Reached skill level 6 in Invocations
  3563 | Lair:1   | Reached skill level 3 in Shields
  3571 | Lair:1   | Identified the cursed +1 long sword "Eryrch" {flame, Str+5} (You found it in a bailey)
  3582 | Lair:1   | Identified the +1 robe of Fosiuco {-Cast MR+ Dex+3} (Okawaru gifted it to you on level 12 of the Dungeon)
  3733 | Lair:3   | Noticed an eight-headed hydra
  3749 | Lair:3   | Killed a two-headed hydra
  3749 | Lair:3   | Reached skill level 4 in Shields
  3762 | Lair:3   | Learned a level 1 spell: Infusion
  3830 | Lair:4   | Reached skill level 1 in Long Blades
  3862 | Lair:3   | Noticed a death yak
  3863 | Lair:3   | Noticed a death yak
  3863 | Lair:3   | Noticed a death yak
  3864 | Lair:3   | Noticed a death yak
  3877 | Lair:3   | Killed a death yak
  3877 | Lair:3   | Reached skill level 2 in Long Blades
  3882 | Lair:3   | Killed a death yak
  3882 | Lair:3   | Reached skill level 3 in Long Blades
  3890 | Lair:3   | Killed a death yak
  3890 | Lair:3   | Reached skill level 3 in Dodging
  3906 | Lair:3   | Killed a death yak
  3906 | Lair:3   | Reached skill level 4 in Dodging
  3996 | Lair:3   | Found a staircase to the Swamp.
  4041 | Swamp:1  | Entered Level 1 of the Swamp
  4044 | Swamp:1  | Noticed Josephine
  4073 | Swamp:2  | Received a gift from Okawaru
  4078 | Swamp:2  | Reached skill level 5 in Dodging
  4184 | Swamp:3  | Reached skill level 6 in Dodging
  4383 | Swamp:3  | Noticed Donald
  4394 | Swamp:3  | Killed Donald
  4394 | Swamp:3  | Reached skill level 7 in Dodging
  4394 | Swamp:3  | Reached XP level 13. HP: 78/140 MP: 8/16
  4407 | Swamp:4  | Entered Level 4 of the Swamp
  4523 | Swamp:4  | Reached skill level 8 in Dodging
  4576 | Swamp:4  | Reached skill level 9 in Dodging
  4642 | Swamp:4  | Received a gift from Okawaru
  4642 | Swamp:4  | Reached skill level 10 in Dodging
  4808 | Swamp:4  | Reached skill level 11 in Dodging
  4864 | Swamp:4  | Got a decaying rune of Zot
  4899 | Swamp:4  | Received a gift from Okawaru
  4909 | Swamp:4  | Reached XP level 14. HP: 89/149 MP: 12/17
  5133 | Swamp:1  | Noticed Aizul
  5149 | Swamp:1  | HP: 3/223 [Aizul/bolt of poison (9)]
  5151 | Swamp:1  | :welp
  5151 | Swamp:1  | THE RING DOES NOTHING
  5152 | Swamp:1  | HP: 1/223 [poisoned by Aizul (bolt of poison)]
  5153 | Swamp:1  | Succumbed to Aizul's bolt of poison

Vault maps used:
D:1:      dpeg_arrival_signposts
D:2:      regret_index_temple_of_mockery, nicolae_overflow_crystal_walls,
          old_standard_altar, serial_park_tiny_2
D:3:      grunt_temple_overflow_growth_and_decay, lemuel_coloured_pillars_altar,
          first_bread
D:4:      minitemple, nicolae_alphabet_shops, hangedman_abyss_or_decor_slice
D:5:      uniq_blork_the_orc
D:6:      grunt_temple_overflow_order_and_chaos_2, kennysheep_little_box,
          nemelex_xobeh_ov_fountains_minmay
D:7:      statuecave_lemuel, old_standard_altar, yredelemnul_altar_generic,
          uniq_menkaure, uniq_duvessa
D:8:      lemuel_crystal_altar, hangedman_little_slice_of_home,
          minmay_gold_behind_fungi
D:9:      johnstein_pakellas_shop
D:10:     hiddenorc2_lemuel
D:11:     lair_0_dummy, uniq_maurice
D:12:     serial_shops, shop, enter_bailey_3
D:14:     david_vaults_5, portal_ice_cave_rime, serial_shops, shop_fountains,
          basic_altar, uniq_azrael
D:15:     gammafunk_depths_entry_grave, serial_shops, shop,
          nicolae_lava_and_water, uniq_roxanne
Temple:   corrupted_temple
Lair:1:   special_room
Lair:2:   minmay_snake_entry_guardpost_small, st_stairs_9
Lair:3:   dpeg_oklob_gauntlet, minmay_swamp_entry_worms, serial_bayou_pond_d
Swamp:1:  infiniplex_staircase_pool, swamp_pool1,
          nicolae_swamp_orc_logging_accident, st_swamp_ruins_2, uniq_josephine,
          uniq_aizul
Swamp:2:  evilmike_swamp_ruin_house_2
Swamp:3:  hangedman_swamp_lotus, uniq_donald
Swamp:4:  swamp
Bailey:   bailey_axe_of_yendor_kennysheep, bailey

Skill      XL: |  1  2  3  4  5  6  7  8  9 10 11 12 13 |
---------------+----------------------------------------+-----
Unarmed Combat | 3 5 6 7 9 11 12 | 12.1
Fighting       | 6 9 12 | 12.1
Invocations    | 3 5 6 |  6.3
Shields        | 4 |  4.1
Long Blades    | 3 |  3.3
Dodging        | 7 11 | 11.9

Action                   |  1- 3 |  4- 6 |  7- 9 | 10-12 | 13-15 || total
-------------------------+-------+-------+-------+-------+-------++-------
Melee: Unarmed           |    48 |    70 |   189 |   534 |   207 ||  1048
       Long sword        |       |       |       |    15 |    48 ||    63
       Demon blade       |       |       |       |       |    34 ||    34
Throw: Throwing net      |     1 |     2 |     1 |       |       ||     4
       Javelin           |       |       |       |     4 |       ||     4
       Large rock        |       |       |       |     1 |     7 ||     8
       Tomahawk          |       |       |       |     1 |       ||     1
Invok: Heroism           |       |       |     9 |    38 |    14 ||    61
       Finesse           |       |       |       |     7 |     8 ||    15
  Use: Potion            |     1 |       |     2 |     4 |     8 ||    15
       Scroll            |       |       |     9 |    13 |     3 ||    25
 Stab: Held in net/web   |       |     1 |       |       |       ||     1
       Invisible         |       |       |       |     2 |    15 ||    17
       Distracted        |       |       |       |     1 |       ||     1
  Eat: Chunk             |     2 |     8 |    11 |    25 |     4 ||    50
Armor: Robe              |    27 |    10 |    34 |    54 |       ||   125
       Mottled dragon ar |       |       |       |    34 |    47 ||    81
       Skin              |       |       |       |       |    67 ||    67
Dodge: Dodged            |    30 |    13 |    37 |   145 |   134 ||   359
Block: Shield            |    36 |    31 |    75 |   233 |   151 ||   526

Table legend:
 A = Turns spent in this place as a percentage of turns spent in the entire game.
 B = Non-inter-level travel turns spent in this place as a percentage of non-inter-level travel turns spent in the entire game.
 C = Inter-level travel turns spent in this place as a percentage of turns spent in this place.
 D = Turns resting spent in this place as a percentage of non-inter-level travel turns spent in this place.
 E = Turns spent auto-exploring this place as a percentage of non-inter-level travel turns spent in this place.
 F = Non-inter-level travel turns spent in this place divided by the number of levels of this place that you've seen.
                   A       B       C       D       E      F
               +-------+-------+-------+-------+-------+----------------------
         Total | 100.0 | 100.0 |   0.0 |   0.0 |   0.0 | 216.4
       Dungeon |  56.9 |  56.9 |   0.0 |   0.0 |   0.0 | 205.1
        Temple |   0.5 |   0.5 |   0.0 |   0.0 |   0.0 |  27.0
          Lair |  11.5 |  11.5 |   0.0 |   0.0 |   0.0 | 156.0
         Swamp |  25.0 |  25.0 |   0.0 |   0.1 |   0.0 | 338.0
        Bailey |   6.1 |   6.1 |   0.0 |   0.0 |   0.0 | 330.0
               +-------+-------+-------+-------+-------+----------------------

Table legend:
 A = Kills in this place as a percentage of kills in entire the game.
 B = Kills by you in this place as a percentage of kills by you in the entire game.
 C = Kills by friends in this place as a percentage of kills by friends in the entire game.
 D = Other kills in this place as a percentage of other kills in the entire game.
 E = Experience gained in this place as a percentage of experience gained in the entire game.
 F = Experience gained in this place divided by the number of levels of this place that you have seen.
                   A       B       C       D       E      F
               +-------+-------+-------+-------+-------+----------------------
         Total | 100.0 | 100.0 |  -nan |  -nan | 100.0 | 2774.2
       Dungeon |  53.8 |  53.8 |  -nan |  -nan |  29.8 | 1379.5
          Lair |  12.3 |  12.3 |  -nan |  -nan |  12.7 | 2201.2
         Swamp |  26.9 |  26.9 |  -nan |  -nan |  53.9 | 9338.8
        Bailey |   7.0 |   7.0 |  -nan |  -nan |   3.6 | 2501.0
               +-------+-------+-------+-------+-------+----------------------
